BSA
PLYMOUTH ROCKS @ EL DORADO OILERS
08/14/2027
 
TOP OF THE 1ST
Plymouth Rocks batting - Pitching for Birmingham Steeldogs : RHP Jorge Salazar
Pitching: RHP Jorge Salazar
Batting: LHB Roberto García 0-0: Ball
1-0: Swinging Strike
1-1: Foul Ball, location: 2F
1-2: Strikes out swinging, 2-3 out at first.
Batting: LHB Roy Patrick 0-0: Ball
1-0: Ball
2-0: Called Strike
2-1: Ball
3-1: Base on Balls
Batting: RHB Andrés Lara 0-0: Ball
1-0: Ball
2-0: Ball
3-0: Called Strike
3-1: Base on Balls
Roy Patrick to second
Batting: LHB Barrett Waters 0-0: Called Strike
0-1: Ball
1-1: DOUBLE (Flyball, 78D)
Roy Patrick scores
Andrés Lara to third
Batting: LHB Roger Moore 0-0: Called Strike
0-1: Foul Ball, location: 2F
0-2: Foul Ball, location: 2F
0-2: Ball
1-2: Fly out, F6 (Line Drive, 6M)
Batting: RHB Luis Sánchez 0-0: Ball
1-0: Foul Ball, location: 2F
1-1: Ball
2-1: Called Strike
2-2: Foul Ball, location: 2F
2-2: Strikes out swinging
Top of the 1st over - 1 run(s), 1 hit(s), 0 error(s), 2 left on base; Plymouth 1 - Birmingham 0
BOTTOM OF THE 1ST
Birmingham Steeldogs batting - Pitching for Plymouth Rocks : RHP José López
Pitching: RHP José López
Batting: RHB Nick Webb 0-0: Foul Ball, location: 2F
0-1: Ball
1-1: Foul Ball, location: 2F
1-2: Strikes out swinging
Batting: RHB Sixto Vélez 0-0: Called Strike
0-1: Foul Ball, location: 2F
0-2: Ball
1-2: Ball
2-2: Strikes out looking
Batting: LHB José Hernández 0-0: Called Strike
0-1: Ball
1-1: Ball
2-1: Ball
3-1: Foul Ball, location: 2F
3-2: Foul Ball, location: 2F
3-2: DOUBLE (Flyball, 78XD)
Batting: RHB Valentín Borges 0-0: Ball
1-0: Ball
2-0: Ground out 4-3 (Groundball, 4)
Bottom of the 1st over - 0 run(s), 1 hit(s), 0 error(s), 1 left on base; Plymouth 1 - Birmingham 0
TOP OF THE 2ND
Plymouth Rocks batting - Pitching for Birmingham Steeldogs : RHP Jorge Salazar
Batting: RHB Taylor McFarland 0-0: SINGLE (Groundball, 4D)
Batting: SHB Víctor Serrano 0-0: Called Strike
0-1: Swinging Strike
0-2: Ground out 4-3 (Groundball, 34)
Taylor McFarland to second
Batting: RHB António Gonzáles 0-0: Ball
1-0: Foul Ball, location: 2F
1-1: Called Strike
1-2: DOUBLE (Line Drive, 89M)
Taylor McFarland scores
Batting: LHB Roberto García 0-0: Called Strike
0-1: Ball
1-1: Foul Ball, location: 2F
1-2: Foul Ball, location: 2F
1-2: Ball
2-2: Ball
3-2: Fly out, F5 (Flyball, 5D)
Batting: LHB Roy Patrick 0-0: SINGLE (Line Drive, 4MD)
António Gonzáles to third
Batting: RHB Andrés Lara 0-0: Ball
1-0: Fly out, F9 (Flyball, 9S)
Top of the 2nd over - 1 run(s), 3 hit(s), 0 error(s), 2 left on base; Plymouth 2 - Birmingham 0
BOTTOM OF THE 2ND
Birmingham Steeldogs batting - Pitching for Plymouth Rocks : RHP José López
Batting: LHB José Martínez 0-0: Called Strike
0-1: Ball
1-1: Ball
2-1: Called Strike
2-2: Ball
3-2: Foul Ball, location: 2F
3-2: Foul Ball, location: 2F
3-2: Ground out 4-3 (Groundball, 4S)
Batting: RHB Yujiro Kurihara 0-0: Called Strike
0-1: Called Strike
0-2: Ball
1-2: Ground out 6-3 (Groundball, 6M)
Batting: RHB Eric Johnson Error on foul ball, E7
0-1: Swinging Strike
0-2: Ball
1-2: Ball
2-2: Strikes out swinging
Bottom of the 2nd over - 0 run(s), 0 hit(s), 1 error(s), 0 left on base; Plymouth 2 - Birmingham 0
TOP OF THE 3RD
Plymouth Rocks batting - Pitching for Birmingham Steeldogs : RHP Jorge Salazar
Batting: LHB Barrett Waters 0-0: Swinging Strike
0-1: Ball
1-1: Swinging Strike
1-2: Strikes out swinging
Batting: LHB Roger Moore 0-0: Ball
1-0: Ball
2-0: Ball
3-0: Foul Ball, location: 2F
3-1: Fly out, F9 (Flyball, 9)
Batting: RHB Luis Sánchez 0-0: Ball
1-0: Foul Ball, location: 2F
1-1: Ball
2-1: Ground out 5-3 (Groundball, 56S)
Top of the 3rd over - 0 run(s), 0 hit(s), 0 error(s), 0 left on base; Plymouth 2 - Birmingham 0
BOTTOM OF THE 3RD
Birmingham Steeldogs batting - Pitching for Plymouth Rocks : RHP José López
Batting: SHB Orlando Aguilar 0-0: Ground out U3 (Groundball, 34)
Batting: RHB José Carlos Caraballo 0-0: Foul Ball, location: 2F
0-1: Fly out, F5 (Line Drive, 5)
Batting: RHB Nick Webb 0-0: Foul Ball, location: 2F
0-1: Ball
1-1: SINGLE (Flyball, 8RS)
Batting: RHB Sixto Vélez 0-0: Called Strike
0-1: Ground out 5-3 (Groundball, 56)
Bottom of the 3rd over - 0 run(s), 1 hit(s), 0 error(s), 1 left on base; Plymouth 2 - Birmingham 0
TOP OF THE 4TH
Plymouth Rocks batting - Pitching for Birmingham Steeldogs : RHP Jorge Salazar
Batting: RHB Taylor McFarland 0-0: Ball
1-0: Swinging Strike
1-1: Foul Ball, location: 2F
1-2: Strikes out looking
Batting: SHB Víctor Serrano 0-0: Ball
1-0: Called Strike
1-1: Called Strike
1-2: Ball
2-2: Strikes out looking
Batting: RHB António Gonzáles 0-0: Foul Ball, location: 2F
0-1: Ball
1-1: SINGLE (Groundball, 56D)
Batting: LHB Roberto García 0-0: Ball
1-0: Ball
2-0: Ball
3-0: Base on Balls
António Gonzáles to second
Batting: LHB Roy Patrick 0-0: Ball
1-0: Ball
2-0: Ground out 5-3 (Groundball, 56)
Top of the 4th over - 0 run(s), 1 hit(s), 0 error(s), 2 left on base; Plymouth 2 - Birmingham 0
BOTTOM OF THE 4TH
Birmingham Steeldogs batting - Pitching for Plymouth Rocks : RHP José López
Batting: LHB José Hernández 0-0: Fly out, F5 (Popup, 56)
Batting: RHB Valentín Borges 0-0: Called Strike
0-1: Ground out 1-3 (Groundball, 15S)
Batting: LHB José Martínez 0-0: DOUBLE (Line Drive, 78D)
Batting: RHB Yujiro Kurihara 0-0: Fly out, F9 (Line Drive, 9)
Bottom of the 4th over - 0 run(s), 1 hit(s), 0 error(s), 1 left on base; Plymouth 2 - Birmingham 0
TOP OF THE 5TH
Plymouth Rocks batting - Pitching for Birmingham Steeldogs : RHP Jorge Salazar
Batting: RHB Andrés Lara 0-0: Fly out, F9 (Flyball, 89XD)
Batting: LHB Barrett Waters 0-0: Ground out 4-3 (Groundball, 4)
Batting: LHB Roger Moore 0-0: Ball
1-0: Ball
2-0: Fly out, F8 (Flyball, 78S)
Top of the 5th over - 0 run(s), 0 hit(s), 0 error(s), 0 left on base; Plymouth 2 - Birmingham 0
BOTTOM OF THE 5TH
Birmingham Steeldogs batting - Pitching for Plymouth Rocks : RHP José López
Batting: RHB Eric Johnson 0-0: Ball
1-0: Foul Ball, location: 2F
1-1: Foul Ball, location: 2F
1-2: Foul Ball, location: 2F
1-2: Strikes out looking
Batting: SHB Orlando Aguilar 0-0: Called Strike
0-1: Ball
1-1: Ball
2-1: Called Strike
2-2: Strikes out swinging
Batting: RHB José Carlos Caraballo 0-0: Ground out 5-3 (Groundball, 25)
Bottom of the 5th over - 0 run(s), 0 hit(s), 0 error(s), 0 left on base; Plymouth 2 - Birmingham 0
TOP OF THE 6TH
Plymouth Rocks batting - Pitching for Birmingham Steeldogs : RHP Jorge Salazar
Batting: RHB Luis Sánchez 0-0: Ball
1-0: Called Strike
1-1: Foul Ball, location: 2F
1-2: Foul Ball, location: 2F
1-2: Ball
2-2: Ball
3-2: Fly out, F6 (Line Drive, 6)
Batting: RHB Taylor McFarland 0-0: Foul Ball, location: 2F
0-1: Ball
1-1: Ball
2-1: Called Strike
2-2: Strikes out looking
Batting: SHB Víctor Serrano 0-0: Ball
1-0: Called Strike
1-1: Ball
2-1: Called Strike
2-2: Ground out 4-3 (Groundball, 34D)
Top of the 6th over - 0 run(s), 0 hit(s), 0 error(s), 0 left on base; Plymouth 2 - Birmingham 0
BOTTOM OF THE 6TH
Birmingham Steeldogs batting - Pitching for Plymouth Rocks : RHP José López
Batting: RHB Nick Webb 0-0: Swinging Strike
0-1: Called Strike
0-2: Ball
1-2: Strikes out swinging
Batting: RHB Sixto Vélez 0-0: Called Strike
0-1: Called Strike
0-2: Foul Ball, location: 2F
0-2: Foul Ball, location: 2F
0-2: Fly out, F5 (Popup, 5L)
Batting: LHB José Hernández 0-0: Swinging Strike
0-1: Called Strike
0-2: Foul Ball, location: 2F
0-2: Foul Ball, location: 2F
0-2: Foul Ball, location: 2F
0-2: Ground out 3-1 (Groundball, 34)
Bottom of the 6th over - 0 run(s), 0 hit(s), 0 error(s), 0 left on base; Plymouth 2 - Birmingham 0
TOP OF THE 7TH
Plymouth Rocks batting - Pitching for Birmingham Steeldogs : RHP Jorge Salazar
Pitching: RHP Rick Grant
Batting: RHB António Gonzáles 0-0: Called Strike
0-1: Called Strike
0-2: Fly out, F6 (Line Drive, 6M)
Batting: LHB Roberto García 0-0: Foul Ball, location: 2F
0-1: Ball
1-1: Ball
2-1: Fly out, F7 (Flyball, 7)
Batting: LHB Roy Patrick 0-0: Ball
1-0: Ball
2-0: Called Strike
2-1: SOLO HOME RUN (Flyball, 9D), Distance : 527 ft
Batting: RHB Andrés Lara 0-0: Ball
1-0: Swinging Strike
1-1: Called Strike
1-2: Strikes out swinging
Top of the 7th over - 1 run(s), 1 hit(s), 0 error(s), 0 left on base; Plymouth 3 - Birmingham 0
BOTTOM OF THE 7TH
Birmingham Steeldogs batting - Pitching for Plymouth Rocks : RHP José López
Batting: RHB Valentín Borges 0-0: Ball
1-0: Foul Ball, location: 2F
1-1: Called Strike
1-2: Ball
2-2: Fly out, F7 (Flyball, 78M)
Batting: LHB José Martínez 0-0: Ball
1-0: Called Strike
1-1: Foul Ball, location: 2F
1-2: Ground out 6-3 (Groundball, 6M)
Batting: RHB Yujiro Kurihara 0-0: Ball
1-0: Ball
2-0: Ground out 4-3 (Groundball, 4)
Bottom of the 7th over - 0 run(s), 0 hit(s), 0 error(s), 0 left on base; Plymouth 3 - Birmingham 0
TOP OF THE 8TH
Plymouth Rocks batting - Pitching for Birmingham Steeldogs : RHP Rick Grant
Batting: LHB Barrett Waters 0-0: Fly out, F8 (Flyball, 78S)
Batting: LHB Roger Moore 0-0: Swinging Strike
0-1: Hit by Pitch
Batting: RHB Luis Sánchez 0-0: SINGLE (Line Drive, 7LS)
Roger Moore to second
Batting: RHB Taylor McFarland 0-0: Ball
1-0: Ball
2-0: Swinging Strike
2-1: Foul Ball, location: 2F
2-2: Foul Ball, location: 2F
2-2: Grounds into double play, 6-4-3 (Groundball, 6)
Top of the 8th over - 0 run(s), 1 hit(s), 0 error(s), 1 left on base; Plymouth 3 - Birmingham 0
BOTTOM OF THE 8TH
Birmingham Steeldogs batting - Pitching for Plymouth Rocks : RHP José López
Batting: RHB Eric Johnson 0-0: Fly out, F8 (Flyball, 8LD)
Batting: SHB Orlando Aguilar 0-0: Called Strike
0-1: Foul Ball, location: 2F
0-2: Ball
1-2: Ball
2-2: Ball
3-2: Strikes out swinging
Batting: RHB José Carlos Caraballo 0-0: Ball
1-0: Called Strike
1-1: Foul Ball, location: 2F
1-2: Strikes out swinging
Bottom of the 8th over - 0 run(s), 0 hit(s), 0 error(s), 0 left on base; Plymouth 3 - Birmingham 0
TOP OF THE 9TH
Plymouth Rocks batting - Pitching for Birmingham Steeldogs : RHP Rick Grant
Batting: SHB Víctor Serrano 0-0: Foul Ball, location: 2F
0-1: Ball
1-1: Foul Ball, location: 2F
1-2: Foul Ball, location: 2F
1-2: Ground out 4-3 (Groundball, 4)
Batting: RHB António Gonzáles 0-0: SINGLE (Line Drive, 8RS)
Batting: LHB Roberto García 0-0: Ball
1-0: Ball
2-0: Ball
3-0: Called Strike
3-1: Base on Balls
António Gonzáles to second
Batting: LHB Roy Patrick 0-0: Ball
1-0: SINGLE (Groundball, 34D)
António Gonzáles to third
Roberto García to second
Runner from 3rd tries for Home, SAFE, throw made home
Roberto García to third
Roy Patrick to second
Pitching: RHP Ken Lyons
Batting: RHB Andrés Lara 0-0: SINGLE (Groundball, 4MD)
Roberto García scores
Roy Patrick to third
Batting: LHB Barrett Waters 0-0: Called Strike
0-1: Swinging Strike
0-2: Foul Ball, location: 2F
0-2: Strikes out looking
Batting: LHB Roger Moore 0-0: Ball
1-0: Called Strike
1-1: SINGLE (Flyball, 8RS)
Roy Patrick scores
Andrés Lara to second
Batting: RHB Luis Sánchez 0-0: Foul Ball, location: 2F
0-1: Foul Ball, location: 2F
0-2: Fly out, F9 (Flyball, 9LM)
Top of the 9th over - 3 run(s), 4 hit(s), 0 error(s), 2 left on base; Plymouth 6 - Birmingham 0
BOTTOM OF THE 9TH
Birmingham Steeldogs batting - Pitching for Plymouth Rocks : RHP José López
Batting: RHB Nick Webb 0-0: Ball
1-0: Ground out 5-3 (Groundball, 56S)
Batting: RHB Sixto Vélez 0-0: Foul Ball, location: 2F
0-1: Fly out, F8 (Flyball, 8RXD)
Batting: LHB José Hernández 0-0: Fly out, F4 (Popup, 4MD)
Bottom of the 9th over - 0 run(s), 0 hit(s), 0 error(s), 0 left on base; Plymouth 6 - Birmingham 0
Thursday, March 30th, 2017 - OOTP Baseball 17.12 Build 75